 Dungeon Crawl Stone Soup version 0.24-b1-30-g840c9efd86 (webtiles) character file.

Game seed: 16639913086791884789, levelgen mode: deterministic

2041 lepoulpe303 the Ruffian (level 9, -4/80 HPs)
             Began as a Troll Hunter on Oct 25, 2019.
             Was an Initiate of Hepliaklqana.
             Killed from afar by Dowan (10 damage)
             ... with a stone arrow
             ... on level 6 of the Dungeon.
             The game lasted 00:15:28 (4766 turns).

lepoulpe303 the Ruffian (Troll Hunter)              Turns: 4766, Time: 00:15:29

Health: -4/80      AC:  6    Str: 24    XL:     9   Next: 4%
Magic:  9/9        EV: 11    Int:  7    God:    Hepliaklqana [......]
Gold:   337        SH:  0    Dex: 11    Spells: 8/8 levels left

rFire    . . .     SeeInvis .     - Unarmed
rCold    . . .     Gourm    +   (no shield)
rNeg     . . .     Faith    .   b - +0 robe
rPois    .         Spirit   .   (helmet restricted)
rElec    .         Reflect  .   (no cloak)
rCorr    .         Harm     +   (gloves unavailable)
MR       .....                  (boots unavailable)
Stlth    +.........             h - amulet of harm
HPRegen  0.63/turn              (no ring)
MPRegen  0.11/turn              (no ring)

@: no status effects
A: large, unfitting armour, reduced essence, claws 3, fast metabolism 3,
gourmand, regeneration 1, shaggy fur 1, tough skin 3
a: Recall Ancestor, Ancestor Identity, Renounce Religion


You were on level 6 of the Dungeon.
You worshipped Hepliaklqana.
Hepliaklqana was noncommittal.
You were not hungry.

You visited 2 branches of the dungeon, and saw 8 of its levels.

You collected 337 gold pieces.

Inventory:

Missiles
 c - 5 large rocks {!d}
 d - 3 throwing nets {=f}
 s - 2 silver javelins
 y - 2 boomerangs (quivered)
 Q - 168 stones
Armour
 b - a +0 robe (worn)
Jewellery
 h - an amulet of harm (around neck)
 x - an uncursed amulet of faith {Faith, !P}
Wands
 C - a wand of paralysis (20)
Scrolls
 a - 2 scrolls of noise {unknown}
 g - 3 scrolls of teleportation {unknown}
 i - 5 scrolls of identify
 n - 2 scrolls of fog {unknown}
 r - a scroll of immolation {unknown}
 t - 2 scrolls of fear {unknown}
 w - 2 scrolls of remove curse
 z - a scroll of random uselessness {unknown}
 B - a scroll of blinking {unknown}
 D - a scroll of magic mapping {unknown}
Potions
 f - a potion of agility {unknown}
 j - a potion of flight {unknown}
 k - 3 potions of might {unknown}
 l - a potion of berserk rage {unknown}
 m - 3 potions of heal wounds {unknown}
 o - a potion of resistance {unknown}
 p - 2 potions of lignification {unknown}
 q - 3 potions of curing {unknown}
 u - 3 potions of degeneration {unknown}
 v - a potion of haste {unknown}
 A - 3 potions of brilliance {unknown}
 E - a potion of ambrosia {unknown}
Comestibles
 e - 11 rations


   Skills:
 * Level 5.8 Fighting
 + Level 5.5 Throwing
 + Level 4.0 Dodging
 - Level 0.3 Stealth
 * Level 6.5 Unarmed Combat
 + Level 2.2 Invocations


You had 8 spell levels left.
You didn't know any spells.
Your spell library was empty.

Dungeon Overview and Level Annotations

Branches:
Dungeon (7/15)             Temple (1/1) D:6

Altars:
Ashenzari
Cheibriados
Dithmenos
Elyvilon
Fedhas
Gozag
Hepliaklqana
Kikubaaqudgha
Makhleb
Nemelex Xobeh
Okawaru
Qazlal
Ru
Sif Muna
Trog
Uskayaw
Vehumet
Wu Jian
Xom
Yredelemnul
Zin
The Shining One

Shops:
D:6 =

Annotations:
D:6 Dowan, Harold


Innate Abilities, Weirdness & Mutations

You are too large for most types of armour.
You have claws for hands.
Your metabolism is lightning-fast.
You like to eat raw meat.
Your natural rate of healing is unusually fast.
You are covered in fur. (AC +1)
You have extremely tough skin. (AC +3)
Your life essence is reduced to manifest your ancestor. (-10% HP)


Message History

Dowan barely misses you.
You regained 4 hp, and now have 39/80 hp.
MP restored: 9 Dowan hits you but does no damage.
Harold hits you with a +0 dire flail!!
* * * LOW HITPOINT WARNING * * *
You climb upwards.
There is a stone staircase leading down here.
You take 27 damage, and have 12/80 hp.
MASSIVE DAMAGE!!
Dowan gestures at you while chanting. The stone arrow hits you!
* * * LOW HITPOINT WARNING * * *
You take 9 damage, and have 3/80 hp.
Dowan misses you.
As you read the scroll labeled YFOUPO VOTENT, it crumbles to dust.
You feel blessed for a moment.
It was a scroll of remove curse.
w - 2 scrolls of remove curse;
a - 2 scrolls labeled JEQIRE EVUJOI Dowan casts a spell at you.
The stone arrow hits you!
You die...

..#..............# #.....#
..#..............# #.....#
..#..............# #.....#
###..............# ###.....######
....###+############.##'###......
....#.....................#......
....#.............@.......#......
....#............e........#......
....#..####.##..@###.>##..#......
#####..#######...###..###########
#..........+..........#
#..........#..........#
#..........#...)......#
#..........#..........#
#..........#..........#
#.<........#..........#
#..........#....####.##


You could see Harold and Dowan.

Levels and vault maps discovered:
D:1:      onia_arrival_pentagram, layout_loops_ring
D:2:      layout_basic, uniq_robin, uniq_natasha
D:3:      layout_loops_cross
D:4:      layout_cave_pools, nicolae_tso_swordbearing_angel
D:5:      layout_basic, kennysheep_little_box, first_ration
D:6:      cheibrodos_fertilizer, layout_gridville,
          minmay_temple_entry_junction_2, serial_shops, shop,
          nrook_loot_triangle
D:7:      layout_rooms, uniq_pikel, uniq_joseph, uniq_harold, uniq_duvessa
Temple:   compressed_dpeg_triangle_lava_temple

Notes
Turn   | Place    | Note
-------+----------+-------------------------------------------
     0 | D:1      | lepoulpe303 the Troll Hunter began the quest for the Orb.
     0 | D:1      | Reached XP level 1. HP: 19/19 MP: 0/0
    46 | D:1      | Identified a +0 club
    46 | D:1      | Identified a +0 club
    86 | D:1      | Identified a +0 club
   112 | D:1      | Reached XP level 2. HP: 26/28 MP: 1/1
   147 | D:1      | Identified a +0 club
   246 | D:1      | Reached skill level 1 in Unarmed Combat
   292 | D:1      | Reached skill level 2 in Fighting
   351 | D:1      | Identified a +0 dagger
   365 | D:1      | Identified a +0 club
   499 | D:1      | Identified a +4 dagger of protection
   549 | D:1      | Identified a +0 club
   674 | D:2      | Noticed a crimson imp
   689 | D:2      | Killed a crimson imp
   689 | D:2      | Reached XP level 3. HP: 35/36 MP: 2/2
   707 | D:2      | Reached skill level 2 in Unarmed Combat
   751 | D:2      | Identified a +0 club
   754 | D:2      | Identified a +0 club
   757 | D:2      | Reached XP level 4. HP: 44/44 MP: 3/3
   758 | D:2      | Noticed Natasha
   770 | D:2      | Killed Natasha
   770 | D:2      | Reached skill level 2 in Dodging
   771 | D:2      | Noticed Natasha
   774 | D:2      | Killed Natasha
   774 | D:2      | Reached skill level 4 in Throwing
   805 | D:2      | Noticed Natasha
   807 | D:2      | Killed Natasha
   807 | D:2      | Reached XP level 5. HP: 52/52 MP: 4/4
   901 | D:2      | Identified a +0 dagger
   901 | D:2      | Identified a +0 dagger
   904 | D:2      | Identified a +0 dagger
   905 | D:2      | Identified a +0 club
   907 | D:2      | Identified a +0 club
   908 | D:2      | Identified a +0 club
   908 | D:2      | Identified a cursed +0 club
   909 | D:2      | Identified a +0 dagger
   910 | D:2      | Identified a +7 club
   910 | D:2      | Identified a +0 animal skin
   910 | D:2      | Identified a +0 helmet
   910 | D:2      | Noticed Robin
   912 | D:2      | Identified a +0 club
   913 | D:2      | Identified a +0 dagger
   913 | D:2      | Identified a +0 hunting sling
   935 | D:2      | Killed Robin
   935 | D:2      | Reached skill level 3 in Fighting
  1124 | D:2      | Identified a +0 club
  1354 | D:2      | Reached skill level 3 in Unarmed Combat
  1624 | D:3      | Reached XP level 6. HP: 52/61 MP: 5/5
  1728 | D:3      | Identified a +0 club
  1750 | D:3      | Identified a +0 halberd of venom
  1751 | D:3      | Identified a +0 whip
  1751 | D:3      | Identified a +0 spear
  2022 | D:3      | Identified 4 scrolls of identify
  2022 | D:3      | Identified an amulet of harm (You found it on level 1 of
                  | the Dungeon)
  2038 | D:3      | Identified a +0 whip
  2038 | D:3      | Identified a cursed +0 ring mail
  2509 | D:4      | Found a glowing golden altar of the Shining One.
  2554 | D:4      | Identified a +0 dagger
  2769 | D:5      | Entered Level 5 of the Dungeon
  2805 | D:5      | Reached skill level 4 in Unarmed Combat
  2805 | D:5      | Reached XP level 7. HP: 68/68 MP: 6/6
  2808 | D:5      | Identified a +0 dagger
  2808 | D:5      | Identified a +0 robe
  2813 | D:5      | Identified a +0 dagger
  2813 | D:5      | Identified a +0 robe
  2816 | D:5      | Reached skill level 4 in Fighting
  2909 | D:5      | Reached skill level 3 in Dodging
  2922 | D:5      | Identified a +0 dagger
  2928 | D:5      | Identified a +0 dagger
  2928 | D:5      | Identified a +0 robe
  2982 | D:5      | Identified a +0 falchion
  2982 | D:5      | Identified a +0 leather armour
  3094 | D:5      | Found a shadowy altar of Dithmenos.
  3100 | D:5      | Identified a +0 flail
  3100 | D:5      | Identified a +0 spear
  3100 | D:5      | Identified a cursed -3 whip
  3132 | D:5      | Reached skill level 5 in Unarmed Combat
  3168 | D:5      | Identified an amulet of faith (You found it on level 5 of
                  | the Dungeon)
  3328 | D:5      | Identified a +0 ring mail
  3329 | D:5      | Identified a +0 club
  3331 | D:5      | Identified a +0 flail
  3331 | D:5      | Identified a +0 chain mail
  3336 | D:5      | Identified a +0 club
  3504 | D:6      | Reached XP level 8. HP: 78/79 MP: 7/7
  3524 | D:6      | Identified a +4 short sword
  3525 | D:6      | Identified a +0 dagger
  3526 | D:6      | Identified a +0 dagger
  3530 | D:6      | Identified a +0 flail
  3530 | D:6      | Identified a +0 ring mail
  3556 | D:6      | Found a staircase to the Ecumenical Temple.
  3564 | Temple   | Entered the Ecumenical Temple
  4017 | Temple   | Became a worshipper of Hepliaklqana the Forgotten
  4054 | D:6      | Reached skill level 5 in Throwing
  4081 | D:6      | Found Teh Sadgh's Jewellery Shoppe.
  4214 | D:6      | Identified a +0 dagger
  4214 | D:6      | Identified a +0 whip
  4214 | D:6      | Identified a +0 short sword
  4214 | D:6      | Identified a +0 short sword
  4232 | D:6      | Reached skill level 5 in Fighting
  4238 | D:6      | Reached skill level 1 in Invocations
  4308 | D:6      | Identified a +0 short sword
  4318 | D:6      | Noticed a slime creature
  4318 | D:6      | Noticed a slime creature
  4440 | D:6      | Killed a slime creature
  4440 | D:6      | Reached skill level 6 in Unarmed Combat
  4502 | D:6      | Killed a slime creature
  4502 | D:6      | Reached skill level 2 in Invocations
  4543 | D:6      | Reached skill level 4 in Dodging
  4739 | D:7      | Identified a +0 short sword
  4739 | D:7      | Identified a +0 leather armour of magic resistance
  4739 | D:7      | Noticed Duvessa
  4741 | D:7      | Identified a +0 dagger
  4741 | D:7      | Identified a +2 robe of magic resistance
  4741 | D:7      | Noticed Dowan
  4752 | D:7      | Identified a +0 dire flail
  4752 | D:7      | Identified a +0 ring mail
  4752 | D:7      | Noticed Harold
  4758 | D:7      | Killed Duvessa
  4758 | D:7      | Reached XP level 9. HP: 38/80 MP: 9/9
  4759 | D:7      | HP: 11/80 [Harold/+0 dire flail (28)]
  4761 | D:6      | HP: 3/80 [Dowan/stone arrow (10)]
  4764 | D:6      | Identified 3 scrolls of remove curse
  4766 | D:6      | Killed from afar by Dowan

Table legend:
 A = Turns spent in this place as a percentage of turns spent in the entire game.
 B = Non-inter-level travel turns spent in this place as a percentage of non-inter-level travel turns spent in the entire game.
 C = Inter-level travel turns spent in this place as a percentage of turns spent in this place.
 D = Turns resting spent in this place as a percentage of non-inter-level travel turns spent in this place.
 E = Turns spent auto-exploring this place as a percentage of non-inter-level travel turns spent in this place.
 F = Non-inter-level travel turns spent in this place divided by the number of levels of this place that you've seen.
                   A       B       C       D       E      F
               +-------+-------+-------+-------+-------+----------------------
         Total | 100.0 | 100.0 |   3.0 |   7.4 |  73.6 | 577.6
       Dungeon |  90.3 |  90.9 |   2.3 |   8.2 |  71.0 | 600.1
        Temple |   9.7 |   9.1 |   9.5 |   0.0 |  99.3 | 420.0
               +-------+-------+-------+-------+-------+----------------------

Table legend:
 A = Kills in this place as a percentage of kills in entire the game.
 B = Kills by you in this place as a percentage of kills by you in the entire game.
 C = Kills by friends in this place as a percentage of kills by friends in the entire game.
 D = Other kills in this place as a percentage of other kills in the entire game.
 E = Experience gained in this place as a percentage of experience gained in the entire game.
 F = Experience gained in this place divided by the number of levels of this place that you have seen.
                   A       B       C       D       E      F
               +-------+-------+-------+-------+-------+----------------------
         Total | 100.0 | 100.0 |   N/A |   N/A | 100.0 | 364.6
       Dungeon | 100.0 | 100.0 |   N/A |   N/A | 100.0 | 416.7
               +-------+-------+-------+-------+-------+----------------------

Skill      XL: |  1  2  3  4  5  6  7  8 |
---------------+-------------------------+-----
Unarmed Combat | 1 2 3 4 5 6 |  6.5
Fighting       | 2 3 4 5 |  5.8
Dodging        | 2 3 4 |  4.0
Throwing       | 4 5 |  5.5
Invocations    | 2 |  2.2
Stealth        | |  0.3

Action                   |  1- 3 |  4- 6 |  7- 9 || total
-------------------------+-------+-------+-------++-------
Melee: Unarmed           |    52 |   113 |   116 ||   281
       Punch             |       |     2 |     1 ||     3
Throw: Large rock        |     5 |     6 |       ||    11
       Stone             |    56 |    74 |       ||   130
       Javelin           |     3 |       |       ||     3
       Boomerang         |       |    33 |    90 ||   123
Invok: Ancestor Identity |       |       |     1 ||     1
  Use: Scroll            |       |     1 |     2 ||     3
 Stab: Sleeping          |       |       |     1 ||     1
  Eat: Chunk             |    12 |    19 |    11 ||    42
Armor: Robe              |    14 |    37 |    32 ||    83
Dodge: Dodged            |    17 |    57 |    46 ||   120

Vanquished Creatures
  2 slime creatures (D:6)
  Duvessa (D:7)
  A sky beast (D:5)
  A necrophage (D:5)
  5 big kobolds (D:6)
  3 bullfrogs
  A scorpion (D:5)
  A crimson imp (D:2)
  A centaur zombie (D:5)
  4 jellies (D:6)
  3 orc wizards (D:5)
  Natasha (thrice) (D:2)
  2 iguanas
  4 worker ants
  Robin (D:2)
  7 gnolls
  10 adders
  A shadow imp (D:5)
  4 oozes
  An adder skeleton (D:6)
  3 worms
  2 dart slugs
  2 leopard geckos (D:1)
  16 orcs
  5 bats
  4 giant cockroaches
  15 goblins
  10 hobgoblins
  13 jackals
  8 kobolds
  A quokka (D:2)
  A ball python (D:1)
  7 frilled lizards
  8 rats
151 creatures vanquished.

Vanquished Creatures (others)
  4 ancestors
  5 fungi (D:6)
  6 toadstools (D:6)
15 creatures vanquished.

Grand Total: 166 creatures vanquished
